 Dungeon Crawl Stone Soup version 0.23-a0-650-ga4d50d4 (webtiles) character file.

4305 tilp the Frost Mage (level 10, -10/71 HPs)
             Began as a Merfolk Ice Elementalist on Jan 3, 2019.
             Was a Believer of Makhleb.
             Shot with an arrow by a centaur warrior (11 damage)
             ... on level 9 of the Dungeon.
             The game lasted 00:39:42 (11611 turns).

tilp the Frost Mage (Merfolk Ice Elementalist)     Turns: 11611, Time: 00:39:42

Health: -10/71     AC:  8    Str:  9      XL:     10   Next: 32%
Magic:  19/19      EV:  2    Int: 21      God:    Makhleb [**....]
Gold:   475        SH:  0    Dex: 14 (15) Spells: 5/21 levels left

rFire    + . .     SeeInvis .   M - +5 war axe of Fear {elec, Int+4}
rCold    + + .     Gourm    .   k - +0 buckler
rNeg     + + +     Faith    .   o - +0 leather armour {rC+}
rPois    ∞         Spirit   .   (no helmet)
rElec    .         Reflect  +   t - +2 cloak
rCorr    .         Harm     .   (no gloves)
MR       .....                  b - +1 pair of boots
Stlth    ++........             e - +5 amulet of reflection
HPRegen  0.21/turn              F - ring of protection from cold
MPRegen  0.16/turn              J - ring of protection from fire

@: petrified, very slightly contaminated
A: change form in water, swift swim, stealthy swim
a: Minor Destruction, Renounce Religion


You were on level 9 of the Dungeon.
You worshipped Makhleb.
Makhleb was pleased with you.
You were near starving.

You visited 2 branches of the dungeon, and saw 10 of its levels.

You collected 501 gold pieces.
You spent 26 gold pieces at shops.

Inventory:

Hand Weapons
 a - a +2 dagger of venom
 s - a +0 spear
 x - a +0 trident
 G - a cursed -3 glaive
 M - the +5 war axe of Fear (weapon) {elec, Int+4}
   (You found it on level 7 of the Dungeon)

   Occasionally, upon striking a foe, it will discharge some electrical energy
   and cause terrible harm.
   It affects your intelligence (+4).
Missiles
 m - 8 javelins (quivered)
 w - 9 tomahawks
Armour
 b - a +1 pair of boots (worn)
 k - a +0 buckler (worn)
 o - a +0 leather armour of cold resistance (worn)
 t - a +2 cloak (worn)
Magical Staves
 D - an uncursed staff of air
Jewellery
 e - a +5 amulet of reflection (around neck)
 n - an uncursed amulet of magic regeneration
 F - a ring of protection from cold (left hand)
 H - an uncursed ring of positive energy
 J - a ring of protection from fire (right hand)
 N - an uncursed amulet of the acrobat {unknown}
Wands
 i - a wand of clouds (8)
 r - a wand of paralysis (8)
 v - a wand of random effects (22)
 L - a wand of flame (13)
Scrolls
 d - 5 scrolls of teleportation
 l - 2 scrolls of remove curse
 u - a scroll of blinking
 y - a scroll of fog {unknown}
 A - a scroll of random uselessness {unknown}
 B - a scroll of amnesia {unknown}
 I - a scroll of holy word {unknown}
 O - a scroll of immolation {unknown}
 Q - a scroll of magic mapping {unknown}
Potions
 f - 4 potions of curing
 g - 2 potions of flight
 j - a potion of might
 p - a potion of invisibility
 q - a potion of magic {unknown}
 z - a potion of mutation {unknown}
 C - a potion of ambrosia {unknown}
 E - a potion of haste {unknown}
 K - a potion of cancellation {unknown}
 P - a potion of heal wounds {unknown}
Comestibles
 c - 19 rations


   Skills:
 - Level 4.0 Fighting
 - Level 6.2 Dodging
 - Level 2.1 Stealth
 - Level 4.2 Shields
 - Level 6.0 Spellcasting
 - Level 2.1 Conjurations
 - Level 3.0 Hexes
 + Level 3.5 Charms
 - Level 2.0 Summonings
 - Level 8.2 Ice Magic
 - Level 5.0 Invocations
 - Level 4.0 Evocations


You had 5 spell levels left.
You knew the following spells:

 Your Spells              Type           Power        Failure   Level  Hunger
a - Freeze                Ice            ####         1%          1    None
b - Throw Frost           Conj/Ice       ####..       2%          2    None
c - Ozocubu's Armour      Chrm/Ice       ####....     3%          3    ##.....
d - Throw Icicle          Conj/Ice       ####....     16%         4    ####...
e - Regeneration          Chrm/Necr      ##........   21%         3    ##.....
f - Summon Small Mammal   Summ           ##..         6%          1    None
g - Animate Skeleton      Necr           N/A          14%         1    None
h - Confusing Touch       Hex            ###...       4%          1    None

Your spell library contained the following spells:

 Spells                   Type           Power        Failure   Level  Hunger
 Call Imp                 Summ           ##......     9%          2    None
 Confuse                  Hex            ###.....     12%         3    ##.....
 Pain                     Necr           #...         14%         1    None
 Summon Guardian Golem    Hex/Summ       ###.....     14%         3    ##.....
 Summon Ice Beast         Ice/Summ       ####....     17%         4    ####...
 Call Canine Familiar     Summ           ##......     19%         3    ##.....
 Metabolic Englaciation   Hex/Ice        ####......   36%         5    #####..
 Gell's Gravitas          Tloc           #.........   38%         3    ##.....
 Vampiric Draining        Necr           #.........   38%         3    ##.....
 Summon Lightning Spire   Summ/Air       ##......     65%         4    ####...
 Animate Dead             Necr           N/A          80%         4    ####...
 Petrify                  Tmut/Erth      #.......     80%         4    ####...
 Yara's Violent Unravell  Hex/Tmut       ##........   90%         5    #####..


Dungeon Overview and Level Annotations

Branches:
Dungeon (9/15)             Temple (1/1) D:4            Lair (0/6) D:8
    Orc: D:9-12

Altars:
Ashenzari
Cheibriados
Elyvilon
Fedhas
Kikubaaqudgha
Makhleb
Nemelex Xobeh
Qazlal
Sif Muna
Xom

Shops:
D:7 =   D:8 *


Message History

You see here an arrow.
Unknown command.
Blink to where?
Press: ? - help, Dir - move target cursor You are very lightly contaminated with residual magic.
As you read the scroll of blinking, it crumbles to dust.
The centaur warrior shoots an arrow.
The arrow hits you!
Your limbs are stiffening.
The centaur warrior shoots an arrow.
The arrow hits you!
The centaur warrior shoots an arrow.
The arrow hits you!
You have turned to stone.
The centaur warrior shoots an arrow.
The arrow hits you.
The centaur warrior shoots an arrow.
The arrow hits you!!
The centaur warrior shoots an arrow.
The arrow hits you.
The centaur warrior shoots an arrow.
The arrow hits you!
* * * LOW HITPOINT WARNING * * *
The centaur warrior shoots an arrow.
The arrow hits you!!
* * * LOW HITPOINT WARNING * * *
The centaur warrior shoots an arrow.
The arrow hits you!!
You die...

### ######.# #..#...##
#.......####
#..........## ###
#...........# ..####
####..@....## .....#
#.......#
.....##########.....##
.....##...#..#....###
##..###......(.....#
............c.......#
...##.......c...##....
#...#..........##
..... ##............##
#....


You could see 2 centaur warriors.

Vanquished Creatures
  A yak (D:8)
  2 basilisks (D:8)
  A human (D:8)
  3 hogs (D:8)
  A hungry ghost (D:8)
  3 porcupines (D:8)
  Duvessa (D:7)
  A sky beast (D:8)
  2 black bears (D:8)
  An ice beast (D:5)
  A centaur (D:5)
  2 wolves (D:8)
  2 crocodiles (D:8)
  A big kobold (D:7)
  A bullfrog (D:8)
  Dowan (D:7)
  6 scorpions
  6 killer bees (D:8)
  4 electric eels (D:6)
  A howler monkey (D:6)
  3 crimson imps
  2 jellies
  2 quasits (D:8)
  3 orc priests
  5 hounds
  Ijyb (D:1)
  3 iguanas
  3 orc wizards (D:3)
  4 worker ants
  Natasha (thrice) (D:2)
  2 hound skeletons
  A worker ant zombie (D:6)
  A gnoll (D:1)
  11 adders
  2 shadow imps
  An ooze (D:4)
  2 adder zombies (D:7)
  An adder skeleton (D:7)
  4 worms
  2 dart slugs
  6 leopard geckos
  18 orcs
  14 bats
  6 giant cockroaches
  16 goblins
  9 hobgoblins
  3 jackals (D:7)
  A quokka (D:4)
  2 ball pythons
  6 frilled lizards
  13 kobolds
  A leopard gecko skeleton (D:5)
  A quokka skeleton (D:7)
  6 rats
199 creatures vanquished.

Notes
Turn   | Place    | Note
-------+----------+-------------------------------------------
     0 | D:1      | tilp the Merfolk Ice Elementalist began the quest for the
                  | Orb.
     0 | D:1      | Reached XP level 1. HP: 13/13 MP: 3/3
   155 | D:1      | Reached XP level 2. HP: 19/19 MP: 3/5
   159 | D:1      | Learned a level 2 spell: Throw Frost
   301 | D:1      | Reached skill level 4 in Ice Magic
   825 | D:1      | Reached XP level 3. HP: 24/24 MP: 3/6
   830 | D:1      | Learned a level 3 spell: Ozocubu's Armour
  1380 | D:1      | Reached skill level 5 in Ice Magic
  1766 | D:2      | Noticed Natasha
  1774 | D:2      | Killed Natasha
  1774 | D:2      | Reached XP level 4. HP: 30/30 MP: 4/7
  1948 | D:2      | Noticed Ijyb
  2026 | D:1      | Killed Ijyb
  2098 | D:2      | Reached skill level 6 in Ice Magic
  2241 | D:2      | Reached XP level 5. HP: 35/35 MP: 4/8
  2795 | D:2      | Reached skill level 1 in Shields
  2853 | D:2      | Reached skill level 1 in Fighting
  2974 | D:2      | Noticed Natasha
  2982 | D:2      | Killed Natasha
  3226 | D:2      | Noticed Natasha
  3233 | D:2      | Killed Natasha
  3479 | D:3      | Reached XP level 6. HP: 13/44 MP: 3/9
  4958 | D:3      | Reached XP level 7. HP: 30/50 MP: 3/10
  6602 | D:4      | Found a staircase to the Ecumenical Temple.
  6613 | Temple   | Entered the Ecumenical Temple
  6627 | Temple   | Became a worshipper of Makhleb the Destroyer
  6698 | D:5      | Entered Level 5 of the Dungeon
  7320 | D:5      | Reached XP level 8. HP: 47/56 MP: 10/14
  7849 | D:5      | Learned a level 1 spell: Confusing Touch
  8583 | D:6      | Reached skill level 5 in Dodging
  9373 | D:7      | Found Puech's Jewellery Emporium.
  9577 | D:7      | Reached * piety under Makhleb
  9597 | D:7      | Noticed Dowan
  9610 | D:7      | Killed Dowan
  9634 | D:7      | Noticed Duvessa
  9648 | D:7      | Killed Duvessa
  9648 | D:7      | Reached XP level 9. HP: 54/65 MP: 4/16
  9659 | D:7      | Reached skill level 5 in Spellcasting
  9671 | D:7      | Reached skill level 7 in Ice Magic
  9761 | D:7      | Learned a level 4 spell: Throw Icicle
  9763 | D:7      | Learned a level 1 spell: Summon Small Mammal
 10071 | D:7      | Got a sapphire war axe
 10167 | D:8      | Learned a level 1 spell: Animate Skeleton
 10171 | D:8      | Learned a level 3 spell: Regeneration
 10288 | D:8      | Found Inkoig's General Store.
 10296 | D:8      | Bought a scroll of identify for 26 gold pieces
 10296 | D:8      | Identified the +5 war axe of Fear {elec, Int+4} (You found
                  | it on level 7 of the Dungeon)
 10457 | D:8      | Reached skill level 8 in Ice Magic
 10464 | D:8      | Reached skill level 1 in Invocations
 10522 | D:8      | Reached skill level 5 in Invocations
 10528 | D:8      | Found a staircase to the Lair.
 10544 | D:8      | Reached skill level 1 in Conjurations
 10569 | D:8      | Reached skill level 1 in Hexes
 10569 | D:8      | Reached skill level 1 in Charms
 10569 | D:8      | Reached skill level 1 in Summonings
 10569 | D:8      | Reached XP level 10. HP: 71/71 MP: 9/19
 10893 | D:8      | Reached ** piety under Makhleb
 11597 | D:9      | Noticed a centaur warrior
 11597 | D:9      | Noticed a centaur warrior
 11597 | D:9      | Noticed a five-headed hydra
 11611 | D:9      | HP: 1/71 [centaur warrior/arrow (10)]
 11611 | D:9      | Shot with an arrow by a centaur warrior

Vault maps used:
D:1:      mushboom_english_gardens
D:2:      kennysheep_the_goblin_king, uniq_natasha
D:3:      minmay_fractal_squares_gapless_5
D:4:      temple_statues
D:5:      first_ration
D:6:      wad_lake_hut
D:7:      serial_shops, shop_fountains, uniq_duvessa
D:8:      minmay_lair_entry_grove, serial_shops, shop, grunt_livestock
D:9:      minmay_shrinking_squares, nicolae_tso_besieged_by_evil, david_orc_2,
          hangedman_ru_absence, uniq_harold
Temple:   nicolae_temple_the_god_donut

Skill      XL: |  1  2  3  4  5  6  7  8  9 10 |
---------------+-------------------------------+-----
Ice Magic      | 4 5 6 8 |  8.2
Dodging        | 3 4 6 |  6.2
Shields        | 2 4 |  4.2
Fighting       | 1 2 4 |  4.0
Spellcasting   | 4 6 |  6.0
Evocations     | 3 4 |  4.0
Invocations    | 5 |  5.0
Conjurations   | 1 2 |  2.1
Hexes          | 1 3 |  3.0
Charms         | 1 3 |  3.5
Summonings     | 1 2 |  2.0
Stealth        | |  2.1

Action                   |  1- 3 |  4- 6 |  7- 9 | 10-12 || total
-------------------------+-------+-------+-------+-------++-------
Melee: Dagger            |       |    80 |   321 |       ||   401
       Tailslap          |       |       |     1 |       ||     1
       War axe           |       |       |    38 |    38 ||    76
 Fire: Hunting sling     |       |     8 |       |       ||     8
Throw: Stone             |    69 |    66 |       |       ||   135
       Tomahawk          |       |       |     6 |       ||     6
       Javelin           |       |       |     6 |       ||     6
 Cast: Freeze            |    54 |   107 |    69 |     2 ||   232
       Ozocubu's Armour  |       |     4 |    11 |     2 ||    17
       Throw Frost       |       |     3 |    12 |     7 ||    22
       Confusing Touch   |       |       |     3 |       ||     3
Evoke: Wand              |       |       |     2 |       ||     2
  Use: Scroll            |     1 |       |    10 |     3 ||    14
       Potion            |       |       |       |     4 ||     4
 Stab: Distracted        |       |     1 |     2 |       ||     3
       Sleeping          |       |       |     4 |       ||     4
       Confused          |       |       |     1 |       ||     1
  Eat: Chunk             |     4 |    12 |    21 |     2 ||    39
Armor: Robe              |    10 |     3 |       |       ||    13
       Leather armour    |       |    26 |    76 |    26 ||   128
       Skin              |       |       |       |    30 ||    30
Dodge: Dodged            |    22 |    90 |   190 |    43 ||   345
Block: Buckler           |       |       |   200 |    43 ||   243
       Reflection        |       |       |     6 |     1 ||     7

Table legend:
 A = Non-vault XP
 B = Vault XP
 C = Vault XP percentage of total XP
 D = Non-vault monster count
 E = Vault monster count
 F = Vault count percentage of total count
                 A         B        C        D         E       F
            +---------+---------+-------+---------+---------+-------
      Total |    3188 |    2963 |  48.2 |     167 |      32 |  16.1
            +---------+---------+-------+---------+---------+-------
        D:1 |      67 |      38 |  36.2 |      31 |       1 |   3.1
        D:2 |     163 |      42 |  20.5 |      28 |       7 |  20.0
        D:3 |     307 |      33 |   9.7 |      36 |       5 |  12.2
        D:4 |     395 |       0 |   0.0 |      18 |       0 |   0.0
        D:5 |     390 |       0 |   0.0 |       7 |       0 |   0.0
        D:6 |     609 |       0 |   0.0 |      16 |       0 |   0.0
        D:7 |     441 |     219 |  33.2 |      18 |       2 |  10.0
        D:8 |     816 |    2631 |  76.3 |      13 |      17 |  56.7
            +---------+---------+-------+---------+---------+-------
